Map: 2000 Atmospheres LE

Players

A.I. 1 (Very Easy)

  • Race: Protoss Protoss

DCake - Winner!

  • Race: Zerg Zerg
  • League: Platinum

VOD

Have the link to the VOD?

Description

Time

  • Played on: May 20, 2021, 3:05 a.m.
  • Length: 10:37
Show
View Real Time Build Order
Export as new Build Order

A.I. 1 (Very Easy) Protoss 

Build Orders: 1 Gate Expand, Nexus First 

Get SALT Encoding   

  12  0:00  Probe  
  13  0:13  Probe  
  14  0:19  Pylon  
  14  0:42  Gateway  
  14  1:00  Nexus  
  14  1:17  Pylon  
  14  1:21  Zealot  
  14  1:23  Assimilator  
  16  1:32  Probe  
  16  1:35  Cybernetics Core  
  17  1:41  Probe  
  18  1:52  Probe  
  19  2:01  Probe  
  19  2:02  Assimilator  
  19  2:07  Stalker  
  20  2:09  Probe, Warp Gate  
  23  2:18  Probe  
  24  2:24  Probe  
  25  2:32  Probe  
  26  2:51  Probe  
  27  2:53  Assimilator  
  27  2:55  Pylon  
  27  2:58  Probe  
  28  3:05  Probe  
  29  3:12  Probe  
  30  3:13  Robotics Facility  
  30  3:19  Probe  
  31  3:25  Adept  
  31  3:26  Probe  
  34  3:34  Probe  
  35  3:41  Probe  
  36  3:48  Probe  
  37  3:55  Probe  
  38  4:01  Observer  
  38  4:02  Probe  
  40  4:07  Probe  
  40  4:08  Assimilator  
  41  4:14  Probe  
  42  4:20  Probe  
  42  4:23  Observer  
  44  4:27  Probe  
  45  4:34  Pylon  
  45  4:36  Sentry  
  45  4:38  Probe  
  48  4:45  Probe  
  49  4:52  Probe  
  50  10:00  Observer, Stalker  
  50  10:02  Pylon  
  50  10:06  Probe  
  32  10:18  Probe  
  9  10:29  Zealot  
Show
View Real Time Build Order
Export as new Build Order

DCake Zerg - Winner!

Build Orders: Hatch First, Lurkers, Roach Hydra 

Get SALT Encoding   

  12  0:00  Drone  
  13  0:12  Overlord  
  13  0:17  Drone  
  14  0:30  Drone x2  
  16  0:48  Hatchery  
  15  0:51  Drone  
  15  0:55  Drone  
  17  0:59  Drone  
  18  1:09  Extractor  
  17  1:14  Spawning Pool  
  17  1:17  Drone  
  17  1:20  Drone  
  18  1:28  Drone  
  19  1:38  Drone  
  20  1:47  Hatchery  
  20  1:50  Drone  
  20  2:00  Queen  
  22  2:02  Zergling x2  
  22  2:06  Zergling x2  
  24  2:10  Drone  
  24  2:15  Metabolic Boost  
  25  2:21  Overlord  
  25  2:26  Drone  
  25  2:27  Drone  
  27  2:32  Drone  
  28  2:39  Queen  
  28  2:41  Drone  
  28  2:43  Drone  
  32  2:47  Drone  
  33  2:53  Overlord  
  33  2:54  Drone  
  34  2:59  Queen  
  34  3:02  Drone  
  34  3:04  Drone  
  37  3:07  Drone  
  37  3:09  Drone  
  37  3:11  Drone  
  37  3:12  Drone  
  41  3:17  Overlord  
  41  3:20  Pneumatized Carapace  
  41  3:25  Queen  
  43  3:28  Drone  
  43  3:30  Drone  
  43  3:31  Drone  
  43  3:33  Drone  
  47  3:37  Queen  
  47  3:41  Drone  
  50  3:42  Drone  
  50  3:43  Drone  
  50  3:44  Drone  
  50  3:48  Overlord  
  53  3:50  Extractor, Drone  
  53  3:52  Extractor, Drone  
  53  3:54  Drone  
  53  3:55  Drone  
  55  3:59  Overlord  
  55  4:00  Drone  
  55  4:02  Drone  
  57  4:06  Extractor, Queen  
  57  4:08  Drone  
  59  4:10  Zergling x2  
  59  4:11  Zergling x2  
  59  4:12  Zergling x2  
  59  4:15  Overlord  
  59  4:16  Zergling x2  
  63  4:18  Zergling x2  
  63  4:21  Zergling x4  
  66  4:25  Drone  
  66  4:30  Drone  
  66  4:31  Drone  
  69  4:32  Drone  
  69  4:33  Drone x2  
  69  4:34  Lair  
  72  4:39  Roach Warren  
  72  4:41  Drone  
  72  4:43  Drone  
  72  4:44  Drone  
  72  4:45  Drone  
  75  4:47  Drone  
  75  4:48  Drone  
  75  4:51  Overlord  
  77  4:53  Drone  
  77  4:55  Drone  
  77  4:57  Overlord  
  79  5:04  Evolution Chamber, Overlord  
  78  5:07  Evolution Chamber, Overlord  
  78  5:09  Extractor  
  78  5:10  Drone x2  
  78  5:11  Drone  
  78  5:12  Drone  
  78  5:14  Drone  
  81  5:15  Drone  
  81  5:16  Drone  
  81  5:17  Drone  
  84  5:22  Drone  
  84  5:24  Overlord, Extractor  
  84  5:29  Hatchery  
  84  5:32  Zerg Missile Weapons Level 1  
  84  5:33  Glial Reconstitution  
  83  5:38  Zerg Ground Armor Level 1  
  84  5:42  Drone  
  84  5:43  Drone x2  
  84  5:44  Drone x2  
  84  5:45  Drone  
  84  5:46  Drone  
  84  5:47  Drone  
  84  5:48  Drone  
  92  5:55  Drone x5  
  97  6:02  Roach x2  
  97  6:03  Hydralisk Den  
  100  6:04  Roach  
  100  6:05  Extractor, Roach  
  100  6:08  Roach  
  100  6:09  Roach  
  100  6:10  Extractor  
  106  6:12  Roach  
  106  6:18  Drone x3  
  111  6:19  Drone  
  111  6:20  Infestation Pit, Drone  
  111  6:23  Drone  
  113  6:25  Drone  
  113  6:29  Drone x2  
  113  6:30  Drone x2  
  118  6:34  Drone x2  
  118  6:36  Overlord  
  120  6:41  Grooved Spines  
  120  6:42  Overlord  
  120  6:43  Overlord  
  120  6:46  Lurker Den  
  119  6:48  Overlord x2  
  119  6:49  Overlord  
  119  6:51  Drone  
  119  6:52  Drone  
  121  7:00  Hive  
  121  7:05  Hydralisk x2  
  121  7:06  Hydralisk  
  121  7:07  Hatchery  
  121  7:08  Hydralisk  
  126  7:13  Drone  
  126  7:14  Drone  
  126  7:15  Overseer x4  
  130  7:16  Overseer  
  130  7:17  Overseer  
  130  7:20  Hydralisk x2  
  130  7:21  Hydralisk, Extractor  
  135  7:27  Zerg Missile Weapons Level 2  
  135  7:32  Hydralisk x2, Zerg Ground Armor Level 2  
  139  7:39  Drone x2  
  141  7:45  Extractor  
  141  7:46  Overlord  
  141  7:51  Spine Crawler, Spore Crawler x2  
  139  7:52  Muscular Augments  
  139  7:53  Spore Crawler x2, Drone x2  
  139  7:54  Spine Crawler  
  139  7:55  Lurker x5  
  139  7:56  Lurker  
  139  7:57  Lurker x3  
  145  8:00  Hydralisk x3  
  145  8:02  Roach  
  145  8:03  Roach  
  145  8:04  Roach  
  157  8:12  Seismic Spines  
  157  8:14  Viper  
  160  8:23  Drone x2  
  162  8:30  Viper  
  165  8:36  Drone x3  
  165  8:37  Spore Crawler x2, Drone  
  165  8:38  Viper  
  165  8:39  Spore Crawler  
  165  8:40  Spore Crawler  
  165  8:41  Spore Crawler  
  167  8:44  Overseer  
  167  8:54  Hydralisk x3, Lurker x2  
  175  9:00  Viper  
  178  9:05  Spore Crawler  
  178  9:06  Spore Crawler  
  178  9:09  Adaptive Talons  
  176  9:13  Viper  
  176  9:15  Viper  
  182  9:18  Overlord x3  
  182  9:19  Overlord x2  
  182  9:28  Hatchery  
  181  9:33  Overlord, Hydralisk x4  
  181  9:36  Hydralisk x4  
  181  9:37  Hydralisk  
  199  9:51  Hatchery x2  
  197  10:03  Hydralisk  
  199  10:36  Extractor  
Tags
 
Add a new tag
Caveats
  • Supply blocks, unpowered buildings, or Contaminate may cause inaccurate times.
  • Supply counts are checked every 10 seconds.